 Seeded DCSS version 0.29-a0-378-gc08b2e8bf8 (webtiles) character file.

Game seed: 13605594255664981076 (custom seed)

3614 thiscave3701365 the Cleaver (level 9, -1/77 HPs)
             Began as a Minotaur Berserker on May 4, 2022.
             Was a Priest of Trog.
             Slain by an orc warrior
             ... wielding a +0 dire flail
              (6 damage)
             ... on level 7 of the Dungeon.
             The game lasted 00:06:31 (11296 turns).

thiscave3701365 the Cleaver (Minotaur Berserker)   Turns: 11296, Time: 00:06:47

Health: -1/77      AC: 11    Str: 30    XL:     9   Next: 86%
Magic:  8/8        EV:  9    Int:  4    God:    Trog [***...]
Gold:   320        SH:  0    Dex:  9    Spells: 8/8 levels left

rFire   . . .      SeeInvis .   a - +0 hand axe
rCold   . . .      Faith    .   (no shield)
rNeg    . . .      Spirit   .   y - +0 chain mail "Fuibbaimp" {Str+3}
rPois   .          Reflect  .   (helmet restricted)
rElec   .          Harm     .   b - +0 cloak
rCorr   .          Rampage  .   (no gloves)
Will    .....                   (no boots)
Stlth   ..........              (no amulet)
HPRegen 0.22/turn               (no ring)
MPRegen 0.11/turn               (no ring)

@: on berserk cooldown, slowed, very slow
A: horns 2, retaliatory headbutt
a: Renounce Religion, Berserk, Trog's Hand


You were on level 7 of the Dungeon.
You worshipped Trog.
Trog was most pleased with you.
You visited 1 branch of the dungeon, and saw 7 of its levels.
You also visited: Ossuary.

You collected 320 gold pieces.

Inventory:

Hand Weapons
 a - a +0 hand axe (weapon)
Armour
 b - a +0 cloak (worn)
 y - the +0 chain mail "Fuibbaimp" (worn) {Str+3}
   (You found it on level 5 of the Dungeon)

   Str:       It affects your strength (+3).
Jewellery
 p - a ring of protection from cold
Wands
 s - a wand of charming (10)
 t - a wand of digging (3)
 x - a wand of polymorph (4)
Scrolls
 d - a scroll of immolation {unknown}
 e - 8 scrolls of identify {unknown}
 g - a scroll of blinking {unknown}
 h - 2 scrolls of fog {unknown}
 i - 3 scrolls of vulnerability {unknown}
 k - 2 scrolls of poison {unknown}
 o - a scroll of noise {unknown}
 q - a scroll of torment {unknown}
 r - 2 scrolls of teleportation {unknown}
 w - a scroll of fear {unknown}
 C - a scroll of magic mapping {unknown}
Potions
 c - a potion of brilliance {unknown}
 f - 4 potions of haste {unknown}
 j - a potion of magic {unknown}
 l - a potion of might {unknown}
 m - a potion of ambrosia {unknown}
 n - a potion of flight {unknown}
 u - 3 potions of heal wounds {unknown}
 v - 3 potions of mutation {unknown}
 z - 3 potions of lignification {unknown}
 A - 3 potions of curing {unknown}
 B - 2 potions of degeneration {unknown}


   Skills:
 + Level 6.3 Fighting
 + Level 14.3 Axes
 + Level 7.3 Armour
 + Level 3.3 Dodging
 + Level 1.2 Stealth


You had 8 spell levels left.
You didn't know any spells.
Your spell library was empty.

Dungeon Overview and Level Annotations

Branches:
Dungeon (7/15)             Temple (0/1) D:4         Ossuary (visited)

Altars:
Ashenzari
Cheibriados
Gozag
Makhleb
Nemelex Xobeh
Okawaru
Uskayaw

Shops:
D:6 !


Innate Abilities, Weirdness & Mutations

You have a pair of horns on your head.
You reflexively headbutt those who attack you in melee.


Message History

The orc warrior barely misses you. The centaur hits you.
* * * LOW HITPOINT WARNING * * *
The centaur kicks you but does no damage.
You closely miss the centaur. You barely miss the orc warrior.
The orc warrior hits you with a +0 dire flail!
* * * LOW HITPOINT WARNING * * *
The centaur hits you but does no damage.
The centaur barely misses you.
Unknown command.
You hit the centaur.
The centaur is lightly wounded.
You barely miss the orc warrior. The centaur barely misses you.
The centaur kicks you but does no damage.
The orc warrior barely misses you.
You barely miss the centaur.
The centaur is lightly wounded.
You hit the orc warrior but do no damage.
You barely miss the orc. The centaur barely misses you.
The centaur completely misses you.
The orc warrior hits you with a +0 dire flail.
* * * LOW HITPOINT WARNING * * *
The orc hits you but does no damage. The centaur hits you.
* * * LOW HITPOINT WARNING * * *
The centaur kicks you.
* * * LOW HITPOINT WARNING * * *
You hit the orc warrior.
The orc warrior is lightly wounded.
You barely miss the centaur. You hit the orc but do no damage.
The centaur hits you but does no damage.
The centaur barely misses you. The orc hits you but does no damage.
The orc warrior hits you with a +0 dire flail.
* * * LOW HITPOINT WARNING * * *
You hit the orc warrior but do no damage.
The orc warrior is lightly wounded.
You hit the orc. You slash the centaur!
The centaur hits you but does no damage.
The centaur kicks you but does no damage.
The orc hits you but does no damage.
The orc warrior hits you with a +0 dire flail.
You die...

#.. #o. #... ##..
...# #.oo ...
...#...# ##....#
##.#....# ........
.......+ #.....#
#...o.#
#.....####oc...#..
#.......@#†........
#......ooc)........
..#..$)oo.........
#.....).........
#...).).........
####.....#.########
#. ##.....#.##.#
#.. #....).#.....
#..
####......#..#...
#..


You could see an orc warrior, a centaur and 3 orcs.

Vanquished Creatures
  A cyclops (D:6)
  A troll (D:7)
  A hornet (D:6)
  A yak (D:7)
  A wyvern (D:7)
  A vampire mosquito (D:7)
  2 water moccasins (D:6)
  2 ice beasts (D:5)
  2 black bears
  3 ogres
  3 phantoms
  2 kobold brigands (D:7)
  2 elf zombies (Ossuary)
  2 necrophages (D:5)
  2 scorpions (D:6)
  A centaur zombie (Ossuary)
  A hound (D:5)
  A human zombie (Ossuary)
  A jelly (D:6)
  2 orc priests (D:4)
  2 gnoll shamans
  An iguana (D:3)
  4 orc wizards
  3 mummies
  17 gnolls
  9 adders
  A shadow imp (D:7)
  2 white imps (D:7)
  2 ufetubi
  An adder zombie (Ossuary)
  A worm (D:5)
  27 orcs
  4 endoplasms
  3 giant cockroaches
  8 goblins
  4 hobgoblins
  3 jackals (D:1)
  A quokka (D:4)
  9 ball pythons
  A bat (D:3)
  3 frilled lizards
  A goblin zombie (Ossuary)
  11 hobgoblin zombies (Ossuary)
  7 kobolds
  9 kobold zombies (Ossuary)
  6 orc zombies (Ossuary)
  7 rats
  4 rat zombies (Ossuary)
183 creatures vanquished.

Notes
Turn   | Place    | Note
-------+----------+-------------------------------------------
     0 | D:1      | thiscave3701365 the Minotaur Berserker began the quest for
                  | the Orb.
     0 | D:1      | Reached XP level 1. HP: 19/19 MP: 0/0
   423 | D:1      | Found a faded altar of an unknown god.
   482 | D:1      | Reached XP level 2. HP: 27/27 MP: 1/1
   704 | D:1      | Reached skill level 4 in Axes
  1093 | D:2      | Reached ** piety under Trog
  1151 | D:2      | Reached XP level 3. HP: 33/33 MP: 2/2
  1250 | D:2      | Reached skill level 5 in Axes
  1250 | D:2      | Reached XP level 4. HP: 3/40 MP: 3/3
  2440 | D:3      | Reached skill level 6 in Axes
  2594 | D:2      | Reached XP level 5. HP: 11/46 MP: 4/4
  3788 | D:3      | Found a hide-covered altar of Uskayaw.
  3789 | D:3      | Found a burning altar of Makhleb.
  4484 | D:4      | Reached skill level 7 in Axes
  4757 | D:4      | Found a snail-covered altar of Cheibriados.
  4862 | D:4      | Found an iron altar of Okawaru.
  4989 | D:4      | Reached XP level 6. HP: 52/52 MP: 5/5
  5513 | D:4      | Reached skill level 8 in Axes
  5853 | D:4      | Found an opulent altar of Gozag.
  5853 | D:4      | Found a sparkling altar of Nemelex Xobeh.
  5908 | D:4      | Found a staircase to the Ecumenical Temple.
  6124 | D:5      | Entered Level 5 of the Dungeon
  6235 | D:5      | Reached skill level 9 in Axes
  6284 | D:5      | Reached XP level 7. HP: 59/59 MP: 6/6
  6336 | D:5      | Reached skill level 10 in Axes
  7044 | D:5      | Reached skill level 11 in Axes
  7101 | D:5      | Reached XP level 8. HP: 54/66 MP: 7/7
  7748 | D:5      | Found a broken altar of Ashenzari.
  7758 | D:5      | Reached skill level 12 in Axes
  8037 | D:5      | Identified the +0 chain mail "Fuibbaimp" {Str+3}
  8097 | D:6      | Noticed a hornet
  8105 | D:6      | Killed a hornet
  8341 | D:6      | Noticed a cyclops
  9058 | D:6      | Killed a cyclops
  9059 | D:6      | Reached skill level 13 in Axes
  9126 | D:6      | Reached skill level 5 in Armour
  9126 | D:6      | Reached XP level 9. HP: 58/72 MP: 8/8
  9708 | D:6      | Reached skill level 5 in Fighting
 10318 | D:6      | Found Yssic's Distillery.
 10489 | D:7      | Found a sand-covered staircase.
 10498 | Ossuary  | Entered an ossuary
 10586 | Ossuary  | Reached *** piety under Trog
 10799 | D:7      | Noticed a troll
 10807 | D:7      | Killed a troll
 10808 | D:7      | Reached skill level 1 in Stealth
 11262 | D:7      | Reached skill level 14 in Axes
 11296 | D:7      | Slain by an orc warrior

Illustrated notes

Levels and vault maps discovered:
D:1:      wander_arrival_lonely_grave, layout_basic,
          ebering_ecumenical_altar_rust
D:2:      layout_basic, minmay_misc_feat_tower, grunt_decor_mini_mirrors
D:3:      layout_basic, mainiacjoe_overflow_divided_tiny
D:4:      layout_loops_ring, grunt_temple_overflow_opulence,
          general_overflow_altar, mainiacjoe_overflow_24_doors, temple_doors_ab
D:5:      layout_basic, mainiacjoe_overflow_paths
D:6:      layout_basic, serial_shops, nicolae_shop_behind_doors,
          minmay_increasing_density
D:7:      layout_basic, nicolae_ossuary_entry_giza, minmay_manual_mess

Skill      XL: |  1  2  3  4  5  6  7  8  9 |
---------------+----------------------------+-----
Axes           | 4 5 6 7 9 11 13 14 | 14.3
Fighting       | 4 6 |  6.3
Armour         | 3 5 7 |  7.3
Dodging        | 3 |  3.3
Stealth        | 1 |  1.2

Action                   |  1- 3 |  4- 6 |  7- 9 || total
-------------------------+-------+-------+-------++-------
Melee: Hand axe          |    56 |   129 |   246 ||   431
       Headbutt          |     7 |    26 |    48 ||    81
       Punch             |       |     1 |     3 ||     4
Invok: Berserk           |     1 |     9 |    12 ||    22
Armor: Animal skin       |     5 |     3 |       ||     8
       Chain mail        |       |    63 |   111 ||   174
Dodge: Dodged            |    35 |    44 |    97 ||   176

Table legend: (Time is in decaauts)
 A = Elapsed time spent in this place.
 B = Non-inter-level travel time spent in this place.
 C = Inter-level travel time spent in this place.
 D = Time resting spent in this place.
 E = Time spent auto-exploring this place.
 F = Levels seen in this place.
 G = Mean time per level.
                   A        B        C        D        E       F      G
               +--------+--------+--------+--------+--------+-----+--------+
         Total |  11455 |  11139 |    316 |   5225 |   4890 |   8 | 1431.9 |
       Dungeon |  11192 |  10876 |    316 |   5225 |   4706 |   7 | 1598.9 |
       Ossuary |    263 |    263 |      0 |      0 |    184 |   1 |  263.0 |
               +--------+--------+--------+--------+--------+-----+--------+

Top non-repeatable levels by time:
     D:5: 2503 daAuts
     D:2: 2076 daAuts
     D:4: 1818 daAuts
     D:6: 1689 daAuts
     D:3: 1555 daAuts
     D:1: 933 daAuts
     D:7: 616 daAuts
 Ossuary: 263 daAuts
